PAA
CHESAPEAKE CONTINENTALS @ MERCER ISLAND SCREAMING EAGLES
08/31/2034
 
TOP OF THE 1ST
Chesapeake Continentals batting - Pitching for Mercer Island Screaming Eagles : RHP Ingo Abresch
Pitching: RHP Ingo Abresch
Batting: RHB Tony Calhoun 0-0: Swinging Strike
0-1: Swinging Strike
0-2: Foul Ball, location: 2F
0-2: Ball
1-2: Ball
2-2: SINGLE (Line Drive, 78S)
Batting: SHB Bernie Nutall 0-0: Called Strike
0-1: Ball
1-1: Ball
2-1: Ball
3-1: Base on Balls
Tony Calhoun to second
Batting: RHB Santiago Valentín 0-0: Called Strike
Tony Calhoun steals 3rd base
0-1: Ball
1-1: Swinging Strike
1-2: Foul Ball, location: 2F
1-2: SINGLE (Groundball, 34D)
Tony Calhoun scores
Bernie Nutall to second
Runner from 2nd tries for 3rd, SAFE, throw made to third
Batting: LHB Raphaël Duval 0-0: Ball
1-0: Ball
2-0: Foul Ball, location: 2F
2-1: Foul Ball, location: 2F
2-2: Ball
3-2: Base on Balls
Santiago Valentín to second
Batting: RHB Manuel Ángel 0-0: DOUBLE (Line Drive, 7LM)
Bernie Nutall scores
Santiago Valentín scores
Raphaël Duval to third
Runner from 3rd tries for Home, SAFE, no throw
Batting: RHB Nick Bechtel 0-0: Ball
1-0: Ball
2-0: Called Strike
2-1: Hit by Pitch
Batting: SHB Tomás Valdéz 0-0: Ball
1-0: Fielders Choice at 2nd, 3-6 (Groundball, 3)
Manuel Ángel to third
Batting: RHB Shou-chien Luo 0-0: Ball
1-0: Swinging Strike
1-1: SINGLE (Line Drive, 34D)
Manuel Ángel scores
Tomás Valdéz to second
Batting: RHB Mark Sawyer 0-0: Called Strike
0-1: Foul Ball, location: 2F
0-2: Foul Ball, location: 2F
0-2: Grounds into double play, 6-4-3 (Groundball, 6)
Top of the 1st over - 5 runs, 4 hits, 0 errors, 1 left on base; Chesapeake 5 - Mercer Island 0
BOTTOM OF THE 1ST
Mercer Island Screaming Eagles batting - Pitching for Chesapeake Continentals : RHP António Martínez
Pitching: RHP António Martínez
Batting: RHB Bart Goodine 0-0: Swinging Strike
0-1: Foul Ball, location: 2F
0-2: Fly out, F7 (Flyball, 78XD)
Batting: RHB Barrett Drury 0-0: Called Strike
0-1: Fly out, F7 (Flyball, 7LS)
Batting: RHB Alfredo García 0-0: Ball
1-0: Foul Ball, location: 2F
1-1: Ground out 6-3 (Groundball, 6)
Bottom of the 1st over - 0 runs, 0 hits, 0 errors, 0 left on base; Chesapeake 5 - Mercer Island 0
TOP OF THE 2ND
Chesapeake Continentals batting - Pitching for Mercer Island Screaming Eagles : RHP Ingo Abresch
Batting: RHB Tony Calhoun 0-0: Fly out, F9 (Line Drive, 9D)
Batting: SHB Bernie Nutall 0-0: Fly out, F5 (Popup, 5SF)
Batting: RHB Santiago Valentín 0-0: Called Strike
0-1: Ball
1-1: Swinging Strike
1-2: Strikes out swinging
Top of the 2nd over - 0 runs, 0 hits, 0 errors, 0 left on base; Chesapeake 5 - Mercer Island 0
BOTTOM OF THE 2ND
Mercer Island Screaming Eagles batting - Pitching for Chesapeake Continentals : RHP António Martínez
Batting: SHB Serious Lee 0-0: Called Strike
0-1: Called Strike
0-2: Foul Ball, location: 2F
0-2: Fly out, F8 (Flyball, 8RM)
Batting: RHB Juan Reyes 0-0: Called Strike
0-1: Ball
1-1: Swinging Strike
1-2: SINGLE (Line Drive, 6MD)
Batting: SHB Jason Graham 0-0: Ball
1-0: Ground out 4-3 (Groundball, 34)
Juan Reyes to second
Batting: RHB Oliver Burrell 0-0: SINGLE (Groundball, 6MD)
Juan Reyes to third
Runner from 3rd tries for Home, SAFE, throw made home
Batting: SHB Jeffery Simpson 0-0: Ball
1-0: Fielders Choice at 2nd, 5-4 (Groundball, 56)
Bottom of the 2nd over - 1 run, 2 hits, 0 errors, 1 left on base; Chesapeake 5 - Mercer Island 1
TOP OF THE 3RD
Chesapeake Continentals batting - Pitching for Mercer Island Screaming Eagles : RHP Ingo Abresch
Batting: LHB Raphaël Duval 0-0: Foul Ball, location: 2F
0-1: Fly out, F8 (Flyball, 8LM)
Batting: RHB Manuel Ángel 0-0: Called Strike
0-1: Foul Ball, location: 2F
0-2: Foul Ball, location: 2F
0-2: Strikes out swinging
Batting: RHB Nick Bechtel 0-0: Swinging Strike
0-1: Called Strike
0-2: Ball
1-2: Ball
2-2: Foul Ball, location: 2F
2-2: Ball
3-2: Foul Ball, location: 2F
3-2: Ground out 6-3 (Groundball, 6)
Top of the 3rd over - 0 runs, 0 hits, 0 errors, 0 left on base; Chesapeake 5 - Mercer Island 1
BOTTOM OF THE 3RD
Mercer Island Screaming Eagles batting - Pitching for Chesapeake Continentals : RHP António Martínez
Batting: RHB Rubén Vásquez 0-0: Foul Ball, location: 2F
0-1: Ball
1-1: Ball
2-1: Ball
3-1: Base on Balls
Batting: RHB Bart Goodine 0-0: Ball
1-0: Called Strike
1-1: Ball
2-1: Swinging Strike
2-2: Strikes out swinging
Batting: RHB Barrett Drury 0-0: Ball
Rubén Vásquez is caught stealing 2nd base
1-0: Swinging Strike
1-1: Fly out, F8 (Flyball, 8RXD)
Bottom of the 3rd over - 0 runs, 0 hits, 0 errors, 0 left on base; Chesapeake 5 - Mercer Island 1
TOP OF THE 4TH
Chesapeake Continentals batting - Pitching for Mercer Island Screaming Eagles : RHP Ingo Abresch
Batting: SHB Tomás Valdéz 0-0: Ball
1-0: Called Strike
1-1: Fly out, F7 (Flyball, 7)
Batting: RHB Shou-chien Luo 0-0: Fly out, F7 (Flyball, 7LSF)
Batting: RHB Mark Sawyer 0-0: Ball
1-0: Ball
2-0: Foul Ball, location: 2F
2-1: Hit by Pitch
Batting: RHB Tony Calhoun 0-0: Swinging Strike
0-1: Fly out, F9 (Flyball, 89S)
Top of the 4th over - 0 runs, 0 hits, 0 errors, 1 left on base; Chesapeake 5 - Mercer Island 1
BOTTOM OF THE 4TH
Mercer Island Screaming Eagles batting - Pitching for Chesapeake Continentals : RHP António Martínez
Batting: RHB Alfredo García 0-0: Ball
1-0: Ball
2-0: Ball
3-0: Base on Balls
Batting: SHB Serious Lee 0-0: Ball
1-0: Called Strike
1-1: Called Strike
1-2: Foul Ball, location: 2F
1-2: Ball
2-2: SINGLE (Flyball, 8RS)
Alfredo García to second
Batting: RHB Juan Reyes 0-0: Swinging Strike
0-1: Foul Ball, location: 2F
0-2: Foul Ball, location: 2F
0-2: Ball
1-2: Ball
2-2: SINGLE (Line Drive, 7S)
Alfredo García to third
Serious Lee to second
Batting: SHB Jason Graham 0-0: Ball
1-0: Grounds into fielders choice 1-2 (Groundball, 15S)
Serious Lee to third
Juan Reyes to second
Batting: RHB Oliver Burrell 0-0: Ball
1-0: Ball
2-0: Ball
3-0: Called Strike
3-1: Swinging Strike
3-2: Foul Ball, location: 2F
3-2: Base on Balls
Serious Lee scores
Juan Reyes to third
Jason Graham to second
Batting: SHB Jeffery Simpson 0-0: Ball
1-0: Foul Ball, location: 2F
1-1: Ball
2-1: Ball
3-1: Base on Balls
Juan Reyes scores
Jason Graham to third
Oliver Burrell to second
Batting: RHB Rubén Vásquez 0-0: Foul Ball, location: 2F
0-1: Called Strike
0-2: Ball
1-2: Foul Ball, location: 2F
1-2: Ball
2-2: Ball
3-2: Strikes out looking
Batting: RHB Bart Goodine 0-0: SINGLE (Line Drive, 7LS)
Jason Graham scores
Oliver Burrell to third
Jeffery Simpson to second
Batting: RHB Barrett Drury 0-0: Ground out 4-3 (Groundball, 4)
Bottom of the 4th over - 3 runs, 3 hits, 0 errors, 3 left on base; Chesapeake 5 - Mercer Island 4
TOP OF THE 5TH
Chesapeake Continentals batting - Pitching for Mercer Island Screaming Eagles : RHP Ingo Abresch
Batting: SHB Bernie Nutall 0-0: Foul Ball, location: 2F
0-1: Called Strike
0-2: Ground out 6-3 (Groundball, 6)
Batting: RHB Santiago Valentín 0-0: Swinging Strike
0-1: Ball
1-1: Ground out 5-3 (Groundball, 56S)
Batting: LHB Raphaël Duval 0-0: Foul Ball, location: 2F
0-1: Ball
1-1: Foul Ball, location: 2F
1-2: Ball
2-2: SINGLE (Groundball, 34D)
Pitching: RHP Esteban Miroz
Batting: RHB Manuel Ángel 0-0: Foul Ball, location: 2F
0-1: Foul Ball, location: 2F
0-2: Strikes out swinging
Top of the 5th over - 0 runs, 1 hit, 0 errors, 1 left on base; Chesapeake 5 - Mercer Island 4
BOTTOM OF THE 5TH
Mercer Island Screaming Eagles batting - Pitching for Chesapeake Continentals : RHP António Martínez
Batting: RHB Alfredo García 0-0: Ball
1-0: Called Strike
1-1: Called Strike
1-2: Strikes out looking
Batting: SHB Serious Lee 0-0: Fly out, F9 (Flyball, 9LS)
Batting: RHB Juan Reyes 0-0: Hit by Pitch
Batting: SHB Jason Graham 0-0: Ball
1-0: Called Strike
1-1: Fielders Choice at 2nd, U4 (Groundball, 4M)
Bottom of the 5th over - 0 runs, 0 hits, 0 errors, 1 left on base; Chesapeake 5 - Mercer Island 4
TOP OF THE 6TH
Chesapeake Continentals batting - Pitching for Mercer Island Screaming Eagles : RHP Esteban Miroz
Batting: RHB Nick Bechtel 0-0: Called Strike
0-1: Fly out, F5 (Popup, 5F)
Batting: SHB Tomás Valdéz 0-0: Ball
1-0: Swinging Strike
1-1: Fly out, F9 (Flyball, 9S)
Batting: RHB Shou-chien Luo 0-0: Called Strike
0-1: Ball
1-1: Called Strike
1-2: Ball
2-2: Ball
3-2: Strikes out swinging
Top of the 6th over - 0 runs, 0 hits, 0 errors, 0 left on base; Chesapeake 5 - Mercer Island 4
BOTTOM OF THE 6TH
Mercer Island Screaming Eagles batting - Pitching for Chesapeake Continentals : RHP António Martínez
Batting: RHB Oliver Burrell 0-0: Fly out, F9 (Flyball, 89M)
Batting: SHB Jeffery Simpson 0-0: Ball
1-0: Fly out, F5 (Popup, 5)
Batting: RHB Rubén Vásquez 0-0: Ball
1-0: Single, Error in OF, E7, batter to second base
Batting: RHB Bart Goodine 0-0: Ball
1-0: Ball
2-0: DOUBLE (Line Drive, 9LM)
Rubén Vásquez scores
Batting: RHB Barrett Drury 0-0: Ball
1-0: 2-RUN HOME RUN (Flyball, 9LD), Distance : 365 ft
Pitching: LHP Nicolas Michel
Batting: RHB Alfredo García 0-0: Called Strike
0-1: Foul Ball, location: 2F
0-2: Foul Ball, location: 2F
0-2: Ball
1-2: Ball
2-2: Foul Ball, location: 2F
2-2: Ball
3-2: Base on Balls
Batting: SHB Serious Lee 0-0: SINGLE (Flyball, 8LS)
Alfredo García to second
Runner from 2nd tries for 3rd, SAFE, throw made to third
Batting: RHB Juan Reyes 0-0: Called Strike
0-1: Foul Ball, location: 2F
0-2: Ball
1-2: Fielders Choice at 2nd, 5-4 (Groundball, 56)
Bottom of the 6th over - 3 runs, 4 hits, 1 error, 2 left on base; Chesapeake 5 - Mercer Island 7
TOP OF THE 7TH
Chesapeake Continentals batting - Pitching for Mercer Island Screaming Eagles : RHP Esteban Miroz
Batting: RHB Mark Sawyer 0-0: SINGLE (Flyball, 9LS)
Batting: RHB Tony Calhoun 0-0: Sac Bunt - play at first, batter OUT! U3
Mark Sawyer to second
Batting: SHB Bernie Nutall 0-0: Ball
1-0: Foul Ball, location: 2F
1-1: Called Strike
Mark Sawyer is caught stealing 3rd base
1-2: Strikes out swinging
Top of the 7th over - 0 runs, 1 hit, 0 errors, 0 left on base; Chesapeake 5 - Mercer Island 7
BOTTOM OF THE 7TH
Mercer Island Screaming Eagles batting - Pitching for Chesapeake Continentals : LHP Nicolas Michel
Batting: SHB Jason Graham 0-0: Ball
1-0: SINGLE (Groundball, 6MD)
Batting: RHB Oliver Burrell 0-0: Called Strike
0-1: Ball
1-1: Ball
2-1: Ball
3-1: Base on Balls
Jason Graham to second
Batting: SHB Jeffery Simpson 0-0: Ball
1-0: Ball
2-0: Called Strike
2-1: Bunt - Flyout! F2
Batting: RHB Rubén Vásquez 0-0: Grounds into double play, 5-4-3 (Groundball, 56)
Bottom of the 7th over - 0 runs, 1 hit, 0 errors, 1 left on base; Chesapeake 5 - Mercer Island 7
TOP OF THE 8TH
Chesapeake Continentals batting - Pitching for Mercer Island Screaming Eagles : RHP Esteban Miroz
Batting: RHB Santiago Valentín 0-0: Ball
1-0: Foul Ball, location: 2F
1-1: Fly out, F6 (Line Drive, 6M)
Batting: LHB Raphaël Duval 0-0: Ball
1-0: Foul Ball, location: 2F
1-1: Ball
2-1: Ball
3-1: Foul Ball, location: 2F
3-2: Fly out, F8 (Line Drive, 8RM)
Batting: RHB Manuel Ángel 0-0: Fly out, F9 (Line Drive, 9S)
Top of the 8th over - 0 runs, 0 hits, 0 errors, 0 left on base; Chesapeake 5 - Mercer Island 7
BOTTOM OF THE 8TH
Mercer Island Screaming Eagles batting - Pitching for Chesapeake Continentals : LHP Nicolas Michel
Batting: RHB Bart Goodine 0-0: Called Strike
0-1: Swinging Strike
0-2: Ball
1-2: Foul Ball, location: 2F
1-2: Ball
2-2: Ground out 6-3 (Groundball, 6S)
Batting: RHB Barrett Drury 0-0: Called Strike
0-1: Ball
1-1: SOLO HOME RUN (Flyball, 9D), Distance : 372 ft
Batting: RHB Alfredo García 0-0: Ball
1-0: Called Strike
1-1: Ball
2-1: Foul Ball, location: 2F
2-2: Ball
3-2: Base on Balls
Batting: SHB Serious Lee 0-0: Called Strike
Alfredo García steals 2nd base
0-1: SINGLE (Line Drive, 4MD)
Alfredo García to third
Batting: RHB Juan Reyes 0-0: Grounds into double play, 6-4-3 (Groundball, 6)
Bottom of the 8th over - 1 run, 2 hits, 0 errors, 1 left on base; Chesapeake 5 - Mercer Island 8
TOP OF THE 9TH
Chesapeake Continentals batting - Pitching for Mercer Island Screaming Eagles : RHP Esteban Miroz
Batting: RHB Nick Bechtel 0-0: Called Strike
0-1: Swinging Strike
0-2: Strikes out swinging
Batting: SHB Tomás Valdéz 0-0: Ball
1-0: Ball
2-0: Ball
3-0: Called Strike
3-1: Base on Balls
Batting: RHB Shou-chien Luo 0-0: Ball
1-0: Ball
2-0: Fly out, F4 (Line Drive, 4)
Batting: RHB Mark Sawyer 0-0: Ball
Balk!
Tomás Valdéz to second
1-0: Called Strike
1-1: Ball
2-1: Foul Ball, location: 2F
2-2: Foul Ball, location: 2F
2-2: Ball
3-2: SINGLE (Flyball, 9S)
Tomás Valdéz to third
Tomás Valdéz scores
Batting: RHB Tony Calhoun 0-0: Ball
1-0: Ball
2-0: Foul Ball, location: 2F
2-1: Swinging Strike
2-2: Strikes out swinging
Top of the 9th over - 1 run, 1 hit, 0 errors, 1 left on base; Chesapeake 6 - Mercer Island 8
Friday, March 29th, 2019 - OOTP Baseball 18.8 Build 76